 Dungeon Crawl Stone Soup version 0.31-a0-692-gf03d1854d5 (webtiles) character file.

Game seed: 2322977647156611088

32 qw the Shooter (level 3, -8/21 HPs)
             Began as a Gargoyle Hunter on Sept 6, 2023.
             Mangled by Terence
             ... wielding the +7 Throatcutter {drain, coup de grace}
              (10 damage)
             ... on level 2 of the Dungeon.
             The game lasted 00:00:24 (1165 turns).

qw the Shooter (Gargoyle Hunter)                    Turns: 1165, Time: 00:00:24

Health: -8/21      AC: 10    Str: 14    XL:     3   Next: 27%
Magic:  3/3        EV: 10    Int:  9    God:
Gold:   57         SH:  0    Dex: 15    Spells: 2/2 levels left

rFire   + . .        Y - +0 shortbow
rCold   . . .        (shield currently unavailable)
rNeg    + . .        f - +1 ring mail {rF+}
rPois   inf          (no helmet)
rElec   +            g - +0 cloak
rCorr   .            (no gloves)
SInv    .            (no boots)
Will    .....        (no amulet)
Stlth   +            (no ring)
HPRegen 0.23/turn    (no ring)
MPRegen 0.08/turn

%: no passive effects
@: no status effects
A: sickness immunity, AC +3, negative energy resistance 1, electricity
resistance, torment resistance 1, petrification resistance
a: no special abilities


You were on level 2 of the Dungeon.
You visited 1 branch of the dungeon, and saw 2 of its levels.

You collected 57 gold pieces.


Innate Abilities, Weirdness & Mutations

You are immune to sickness and miasma.
Your stone body is resilient. (AC +3)
You are immune to poison.
You resist negative energy. (rN+)
You are resistant to electric shocks. (rElec)
You are resistant to unholy torment.
You are immune to petrification.


   Skills:
 - Level 2.1 Fighting
 + Level 4.9 Ranged Weapons
 - Level 1.0 Armour
 - Level 1.5 Dodging
 - Level 1.1 Stealth


You had 2 spell levels left.
You didn't know any spells.
Your spell library was empty.

Inventory:

Hand Weapons
 Y - a +0 shortbow (weapon)
Armour
 f - a +1 ring mail of fire resistance (worn)
 g - a +0 cloak (worn)
Potions
 a - a potion of ambrosia {unknown}
 e - a potion of haste {unknown}

Dungeon Overview and Level Annotations

Branches:
Dungeon (2/15)

Altars:

Shops:
D:1 (

Annotations:
D:2 Terence


Message History

The ball python hisses angrily.
You shoot an arrow.
The arrow closely misses the ball python.
You shoot an arrow.
The arrow barely misses the ball python.
You shoot an arrow. The arrow hits the ball python!
You kill the ball python!
a - a grey potion You open the door.
There is an open door here.
Found a faded altar of an unknown god.
Found 6 stones.
Terence the Incautious comes into view.
He is wielding the +7 Throatcutter {drain, coup de grace}.
Terence shouts!
You shoot an arrow.
The arrow hits Terence but does no damage.
You shoot an arrow. The arrow hits Terence.
Terence is lightly wounded.
Terence closely misses you.
You shoot an arrow.
The arrow hits Terence but does no damage.
Terence is lightly wounded.
Terence hits you but does no damage.
You shoot an arrow. The arrow hits Terence.
Terence is moderately wounded.
Terence hits you with the +7 Throatcutter {drain, coup de grace}!
Ouch! That really hurt!
Terence hits you with the +7 Throatcutter {drain, coup de grace}.
You shoot an arrow. The arrow hits Terence.
Terence is severely wounded.
Terence hits you with the +7 Throatcutter {drain, coup de grace}.
You shoot an arrow. The arrow barely misses Terence.
Terence barely misses you.
You shoot an arrow. The arrow closely misses Terence.
Terence barely misses you.
You shoot an arrow.
The arrow hits Terence but does no damage.
Terence is severely wounded.
Terence hits you with the +7 Throatcutter {drain, coup de grace}!
You die...

##'## #.# #
##### #.# #.#
...}.##.# #.#
......#.## #.#
._.......##
### #.#
....#.....# ..
..#
.}.......## .#
#(#.#.#.####@#
#........@.#
###.#.######
...#.# ### #.#
#.# #.# ... #.


You could see Terence.

Vanquished Creatures
  A worm (D:2)
  3 endoplasms
  3 giant cockroaches (D:1)
  A goblin (D:1)
  4 hobgoblins (D:1)
  4 kobolds
  A quokka (D:2)
  A ball python (D:2)
  3 bats
  2 frilled lizards (D:1)
  3 rats
26 creatures vanquished.

Notes
Turn   | Place    | Note
-------+----------+-------------------------------------------
     0 | D:1      | qw the Gargoyle Hunter began the quest for the Orb.
     0 | D:1      | Reached XP level 1. HP: 12/12 MP: 1/1
     0 | D:1      | 0 ||| qw: Version: 0.3-a-76-g4403597
     0 | D:1      | 0 ||| qw: Game counter: 298
     0 | D:1      | 0 ||| qw: Melee chars always use a shield: true
     0 | D:1      | 0 ||| qw: God list: Okawaru
     0 | D:1      | 0 ||| qw: Allow faded altars: false
     0 | D:1      | 0 ||| qw: Do Orc after clearing Dungeon:15 true
     0 | D:1      | 0 ||| qw: Do second Lair branch before Depths: true
     0 | D:1      | 0 ||| qw: Lair rune preference: random
     0 | D:1      | 0 ||| qw: Goals: Normal
     0 | D:1      | 0 ||| PLANNING D:1-11
   195 | D:1      | Found Teduasen's Antique Weapon Shoppe.
   201 | D:1      | Reached XP level 2. HP: 17/17 MP: 2/2
   881 | D:1      | 881 ||| UPGRADING to +1 ring mail of fire resistance.
   891 | D:1      | 891 ||| DROPPING +0 leather armour.
   892 | D:1      | 892 ||| UPGRADING to +0 cloak.
   897 | D:1      | 897 ||| READING scroll labelled KUHUNOOSKOMU.
   902 | D:1      | 902 ||| READING scroll labelled NOAHUKHLUITU.
   903 | D:1      | 903 ||| DROPPING scroll of butterflies.
  1009 | D:2      | Reached XP level 3. HP: 21/21 MP: 3/3
  1105 | D:2      | Reached skill level 1 in Armour
  1148 | D:2      | Found a faded altar of an unknown god.
  1157 | D:2      | Noticed Terence
  1161 | D:2      | HP: 3/21 [Terence/the +7 Throatcutter {drain, coup de
                  | grace} (6)]
  1162 | D:2      | HP: 1/21 [Terence/the +7 Throatcutter {drain, coup de
                  | grace} (2)]
  1165 | D:2      | Mangled by Terence

Levels and vault maps discovered:
D:1:      lightli_arrival_noodles, layout_basic, serial_shops, shop,
          ebering_dispersal_statue_hall, minmay_tromino_v4_a
D:2:      layout_loops_corners, basic_altar, hellmonk_ecumenical_altar_run_dry,
          uniq_terence, uniq_jessica

Skill      XL: |  1  2  3 |
---------------+----------+-----
Armour         | 1 |  1.0
Fighting       | |  2.1
Ranged Weapons | |  4.9
Dodging        | |  1.5
Stealth        | |  1.1

Action                     || total
---------------------------++-------
   Fire: Shortbow          ||   103
    Use: Scroll            ||     2
 Armour: Leather armour    ||    15
         Ring mail         ||     9
  Dodge: Dodged            ||    28

Table legend:
 A = Non-vault XP
 B = Vault XP
 C = Vault XP percentage of total XP
 D = Non-vault monster count
 E = Vault monster count
 F = Vault count percentage of total count
                 A         B        C        D         E       F
            +---------+---------+-------+---------+---------+-------
      Total |      41 |       6 |  12.8 |      23 |       3 |  11.5
            +---------+---------+-------+---------+---------+-------
        D:1 |      23 |       6 |  20.7 |      14 |       3 |  17.6
        D:2 |      18 |       0 |   0.0 |       9 |       0 |   0.0
            +---------+---------+-------+---------+---------+-------
